 Dungeon Crawl Stone Soup version 0.23-a0-393-g6e9e0f2 (webtiles) character file.

8 Cryolive the Digger (level 2, -1/15 HPs)
             Began as a Gargoyle Earth Elementalist on Oct 31, 2018.
             Slain by a frilled lizard (3 damage)
             ... on level 1 of the Dungeon.
             The game lasted 00:01:16 (185 turns).

Cryolive the Digger (Gargoyle Earth Elementalist)    Turns: 185, Time: 00:01:16

Health: -1/15      AC:  5    Str: 11    XL:     2   Next: 8%
Magic:  0/5        EV: 12    Int: 15    God:
Gold:   9          SH:  0    Dex: 10    Spells: 4/5 levels left

rFire    . . .     SeeInvis .   i - +0 club
rCold    . . .     Gourm    .   (no shield)
rNeg     + . .     Faith    .   c - +0 robe
rPois    ∞         Spirit   .   e - +0 helmet
rElec    +         Reflect  .   (no cloak)
rCorr    .         Harm     .   (no gloves)
MR       .....                  (no boots)
Stlth    ++........             (no amulet)
HPRegen  0.05/turn              (no ring)
MPRegen  0.09/turn              (no ring)

@: no status effects
A: negative energy resistance 1, electricity resistance, unbreathing,
petrification resistance, rot immunity, AC +2
a: no special abilities


You were on level 1 of the Dungeon.
You were not hungry.

You visited 1 branch of the dungeon, and saw 1 of its levels.

You collected 9 gold pieces.

Inventory:

Hand Weapons
 i - a +0 club (weapon)
Missiles
 b - 25 stones (quivered)
Armour
 c - a +0 robe (worn)
 e - a +0 helmet (worn)
Scrolls
 a - 2 scrolls of remove curse {unknown}
 f - 2 scrolls of identify {unknown}
 g - a scroll of teleportation {unknown}
Potions
 h - 2 potions of haste {unknown}
Comestibles
 d - 3 rations


   Skills:
 - Level 1.5 Dodging
 - Level 2.1 Stealth
 + Level 2.3 Spellcasting
   Level 0.7 Transmutations
 + Level 4.0 Earth Magic


You had 4 spell levels left.
You knew the following spells:

 Your Spells              Type           Power        Failure   Level  Hunger
a - Sandblast             Erth           ##....       4%          1    #......

Your spell library contained the following spells:

 Spells                   Type           Power        Failure   Level  Hunger
 Passwall                 Tmut/Erth      #.......     12%         2    ###....
 Stone Arrow              Conj/Erth      #.....       28%         3    ###....
 Petrify                  Tmut/Erth      #.......     63%         4    #####..
 Lee's Rapid Deconstruct  Erth           ##........   75%         5    ######.


Dungeon Overview and Level Annotations

Branches:
Dungeon (1/15)

Altars:


Innate Abilities, Weirdness & Mutations

You are resistant to torment.
Your stone body is resilient. (AC +2)
You are immune to poison.
You resist negative energy. (rN+)
You are resistant to electric shocks. (rElec)
You can survive without breathing.
You are immune to petrification.
You are immune to rotting.


Message History

The kobold throws a stone.
The stone misses you.
Casting: Sandblast (safe; 4% risk of failure)
Confirm with . or Enter, or press ? or * to list all spells.
Aiming: Sandblast (safe; 4% risk of failure)
Press: ? - help, Shift-Dir - straight line, f/p - kobold
Aim: a kobold (moderately wounded)
The blast of sand misses the kobold.
The blast of sand hits the rat.
You kill the rat!
Your Earth Magic skill increases to level 4!
b - 26 stones
Casting: Sandblast (safe; 4% risk of failure)
Confirm with . or Enter, or press ? or * to list all spells.
Aiming: Sandblast (safe; 4% risk of failure)
Press: ? - help, Shift-Dir - straight line, f/p - kobold
Aim: a kobold (moderately wounded)
The blast of sand hits the kobold.
You kill the kobold!
b - 25 stones The frilled lizard bites you.
You die...

..# #...........##
..# ##..#.........#
...
#####...#.........#
..#
.......##.........#
..#
#....##.........#
##...(..........#
#..#..#.........#
#.###(#.........#
#@#.........#
#l#.........#
#r#.........#
##.##.......##
#...##.....##
#...######## #...#
####...# #.....##


You could see a frilled lizard and a rat.

Vanquished Creatures
  3 goblins (D:1)
  A hobgoblin (D:1)
  A frilled lizard (D:1)
  2 kobolds (D:1)
  A rat (D:1)
8 creatures vanquished.

Notes
Turn   | Place    | Note
-------+----------+-------------------------------------------
     0 | D:1      | Cryolive the Gargoyle Earth Elementalist began the quest
                  | for the Orb.
     0 | D:1      | Reached XP level 1. HP: 10/10 MP: 3/3
   181 | D:1      | Reached XP level 2. HP: 2/15 MP: 3/5
   183 | D:1      | Reached skill level 4 in Earth Magic
   185 | D:1      | Slain by a frilled lizard

Vault maps used:
D:1:      dpeg_arrival_concentric_ovals

Skill      XL: |  1  2 |
---------------+-------+-----
Earth Magic    | 4 |  4.0
Dodging        | |  1.5
Stealth        | |  2.1
Spellcasting   | |  2.3
Transmutations | |  0.7

Action                   || total
-------------------------++-------
Melee: Unarmed           ||    27
       Club              ||    10
 Cast: Sandblast         ||     5
Armor: Robe              ||    16
Dodge: Dodged            ||    33

Table legend:
 A = Non-vault XP
 B = Vault XP
 C = Vault XP percentage of total XP
 D = Non-vault monster count
 E = Vault monster count
 F = Vault count percentage of total count
                 A         B        C        D         E       F
            +---------+---------+-------+---------+---------+-------
      Total |      12 |       0 |   0.0 |       8 |       0 |   0.0
            +---------+---------+-------+---------+---------+-------
        D:1 |      12 |       0 |   0.0 |       8 |       0 |   0.0
            +---------+---------+-------+---------+---------+-------
